 Dungeon Sprint DCSS version 0.31-a0-700-gf13585253f (webtiles) character file.

Game seed: 15278362153665523392

7 fingers the Poker (level 2, 0/27 HPs)
             Began as a Gnoll Wanderer on Sept 7, 2023.
             Was an Initiate of Jiyva.
             Slain by an ironbound preserver
             ... wielding a +0 morningstar
              (24 damage)
             ... in the Dungeon (Sprint V: "Ziggurat Sprint").
             The game lasted 00:01:44 (94 turns).

fingers the Poker (Gnoll Wanderer)                    Turns: 94, Time: 00:01:45

Health: 0/27       AC: 27    Str: 22    XL:     2   Next: 0%
Magic:  5/6        EV:  0    Int: 10    God:    Jiyva [......]
Gold:   0          SH: 26    Dex: 13    Spells: 7/8 levels left

rFire   . . .        E - +5 demon trident
rCold   . . .        D - +18 shield of the Gong {Loud rN+ Will+ rCorr EV-5}
rNeg    + . .        C - +15 Maxwell's patent armour {-Cast -Tele rElec Will+ rCorr}
rPois   .            (no helmet)
rElec   +            (no cloak)
rCorr   +            b - +0 pair of gloves
SInv    .            (no boots)
Will    ++...        (no amulet) Stlth
                     B - +6 ring of strength
HPRegen 0.24/turn    A - +6 ring of strength
MPRegen 0.10/turn

%: no teleportation, no spellcasting
@: no status effects
A: fangs 1, strong nose, distributed training
a: Renounce Religion


You were in the Dungeon.
You worshipped Jiyva.
Jiyva was noncommittal.
You visited 1 branch

Inventory:

Hand Weapons
 a - a +2 spear
 E - a +5 demon trident (weapon)
Armour
 b - a +0 pair of gloves (worn)
 d - a +0 robe
 C - the +15 Maxwell's patent armour (worn) {-Cast -Tele rElec Will+ rCorr}
   (You found it in the Dungeon)

   rElec:     It insulates you from electricity.
   Will+:     It increases your willpower.
   -Cast:     It prevents spellcasting.
   -Tele:     It prevents most forms of teleportation.
   rCorr:     It protects you from acid and corrosion.
 D - the +18 shield of the Gong (worn) {Loud rN+ Will+ rCorr EV-5}
   (You found it in the Dungeon)

   Loud:      It is deafeningly noisy when blocking attacks.
   EV-5:      It affects your evasion (-5).
   rN+:       It protects you from negative energy.
   Will+:     It increases your willpower.
   rCorr:     It protects you from acid and corrosion.
Jewellery
 v - a ring of flight
 w - a +6 ring of dexterity
 x - a +6 ring of dexterity
 y - a +6 ring of intelligence
 z - a +6 ring of intelligence
 A - a +6 ring of strength (right hand)
 B - a +6 ring of strength (left hand)
Wands
 s - a wand of mindburst (7)
 t - a wand of iceblast (7)
 u - a wand of acid (7)
Scrolls
 i - 4 scrolls of blinking
 o - 4 scrolls of amnesia
 p - 7 scrolls of fog
 q - 5 scrolls of identify
 r - 2 scrolls of fear
Potions
 c - 4 potions of berserk rage
 e - 10 potions of curing
 f - 10 potions of heal wounds
 g - 6 potions of haste
 h - 7 potions of magic
 j - 2 potions of brilliance
 k - 2 potions of invisibility
 l - 4 potions of resistance
 n - 5 potions of might


   Skills:
 + Level 5.2 Fighting
 + Level 2.4 Short Blades
 + Level 2.4 Long Blades
 + Level 2.4 Axes
 + Level 2.4 Maces & Flails
 + Level 7.0 Polearms
 + Level 2.4 Staves
 + Level 2.4 Ranged Weapons
 + Level 2.4 Throwing
 + Level 3.5 Armour
 + Level 2.4 Dodging
 + Level 3.4 Stealth
 + Level 2.4 Shields
 + Level 2.4 Unarmed Combat
 + Level 3.7 Spellcasting
 + Level 2.0 Conjurations
 + Level 2.0 Hexes
 + Level 2.0 Summonings
 + Level 2.0 Necromancy
 + Level 2.0 Translocations
 + Level 2.0 Transmutations
 + Level 2.0 Fire Magic
 + Level 2.0 Ice Magic
 + Level 2.0 Air Magic
 + Level 2.0 Earth Magic
 + Level 4.3 Poison Magic
 + Level 2.6 Invocations
 + Level 2.4 Evocations
 + Level 2.2 Shapeshifting


You had 7 spell levels left.
You knew the following spells:

 Your Spells              Type           Power      Damage    Failure   Level
a - Sting                 Tmut/Pois      32%        1d4       98%         1

Your spell library contained the following spells:

 Spells                   Type           Power      Damage    Failure   Level
 Mephitic Cloud           Conj/Pois/Air  7%         N/A       100%        3


Dungeon Overview and Level Annotations

Branches:
Dungeon (1/1)

Altars:
Ashenzari
Cheibriados
Dithmenos
Elyvilon
Fedhas
Gozag
Hepliaklqana
Kikubaaqudgha
Makhleb
Nemelex Xobeh
Okawaru
Qazlal
Ru
Sif Muna
Trog
Uskayaw
Vehumet
Wu Jian
Xom
Yredelemnul
Zin
The Shining One
Jiyva
Lugonu

Annotations:
D 1 transporter


Innate Abilities, Weirdness & Mutations

You have very sharp teeth.
Your uncanny sense of smell can sniff out nearby items.
Your experience applies equally to all skills.


Message History

Your Shapeshifting skill gained 2 levels and is now at level 2!
You have reached level 2!
You hear a distant slurping noise. x5
Okay, then.
You hear a distant slurping noise. x3
You hear a distant slurping noise. x2
There is a transporter here.
You hear a distant slurping noise. x3
You hear a distant slurping noise.
There is a transporter here.
Welcome to arena 1.
You enter the transporter and appear at another place.
A vault sentinel and an ironbound preserver come into view.
The vault sentinel shouts!
The ironbound preserver shouts!
You hear a distant slurping noise. x2
Found the Writings on Fulgent Attendants and a wand of charming (3).
Found a transporter.
Reach: E) +5 demon trident
Press: ? - help, Dir - move target, f - ironbound preserver
Aim: an ironbound preserver, wielding a +0 morningstar and wearing a +0 leather armour (about 21% to evade your +5 demon trident)
You reach to attack!
You puncture the ironbound preserver!
The ironbound preserver is lightly wounded.
You hear a distant slurping noise.
You puncture the ironbound preserver!
The ironbound preserver is lightly wounded.
You block the ironbound preserver's attack.
PTOANNNG!
The vault sentinel hits you with a +0 war axe.
You hear a distant slurping noise.
You puncture the ironbound preserver!
You bite the ironbound preserver, but do no damage.
The ironbound preserver is moderately wounded.
The ironbound preserver completely misses you.
The vault sentinel blows a loud note on a signal horn!
You puncture the ironbound preserver!
You bite the ironbound preserver, but do no damage.
The ironbound preserver is moderately wounded.
The ironbound preserver hits you with a +0 morningstar!!
Ouch! That really hurt!
You die...

▓▓▓▓▓▓▓
▓.8©8.▓
∆∆∆
▓.....▓
▓./.:.▓
▓.....▓
▓.pp..▓
▓..@..▓
▓▓▓▓▓▓▓
∆∆∆ ∆ ∆


You could see an ironbound preserver and a vault sentinel (catching breath).

Vanquished Creatures (others)
  the Royal Jelly (D)
  Xtahua (D)
  4 acid blobs (D)
  Kirke (D)
  Agnes (D)
  Donald (D)
  3 rockslimes (D)
  An azure jelly (D)
  6 quicksilver oozes (D)
  Erolcha (D)
  Sonja (D)
  Grum (D)
  Menkaure (D)
  Pargi (D)
  A crimson imp (D)
  Crazy Yiuf (D)
  A white imp (D)
27 creatures vanquished.

Notes
Turn   | Place    | Note
-------+----------+-------------------------------------------
     0 | D        | fingers the Gnoll Wanderer began the quest for the Orb.
     0 | D        | fingers set off with the following items: a +2 spear, a +0
                  | pair of gloves, 2 potions of berserk rage, a +0 robe, a
                  | potion of curing, a potion of heal wounds, a potion of
                  | haste, 2 potions of magic, a scroll of blinking; and the
                  | following spell memorised: Sting; and the following spells
                  | available to memorise: Mephitic Cloud.
     0 | D        | Reached XP level 1. HP: 20/20 MP: 4/4
     0 | D        | Found a shimmering blue altar of Sif Muna.
     0 | D        | Found a bloodstained altar of Trog.
     0 | D        | Found a sacrificial altar of Ru.
     0 | D        | Found a stormy altar of Qazlal.
     0 | D        | Found an iron altar of Okawaru.
     1 | D        | Found a sparkling altar of Nemelex Xobeh.
     1 | D        | Found a blossoming altar of Fedhas.
     1 | D        | Found the +6 Majin-Bo {spellvamp, MP+6 Int+6}
     1 | D        | Found the +27 heavy crossbow "Sniper" {heavy, Acc+∞ SInv}
     1 | D        | Found the +10 dark maul {heavy}
     1 | D        | Found the +15 Maxwell's patent armour {-Cast -Tele rElec
                  | Will+ rCorr}
     1 | D        | Found the +18 shield of the Gong {Loud rN+ Will+ rCorr
                  | EV-5}
     1 | D        | Found the +16 obsidian axe {drain, demonic, Mesm Drain Fly
                  | SInv}
     1 | D        | Found the +7 great mace "Firestarter" {flame, immolate,
                  | rFlCloud rF++}
     1 | D        | Found the +6 shillelagh "Devastator" {shatter}
     1 | D        | Found the +11 plutonium sword {Contam Stlth-}
     1 | D        | Found the +8 lance "Wyrmbane" {slay drac, rPois rF+ rC+
                  | AC+3}
     1 | D        | Found the +9 sword of Zonguldrok {reap}
     1 | D        | Found the +13 scythe of Curses {drain, curses, Drain}
     1 | D        | Found the +9 sword of Power {lifebolt}
     1 | D        | Found the +7 mace of Variability {chaos, chaos arc}
     1 | D        | Found the +11 Singing Sword {sonic wave}
     1 | D        | Found the +8 storm bow {elec, penet}
     3 | D        | Found a transporter.
     3 | D        | Found an ancient bone altar of Kikubaaqudgha.
     3 | D        | Found a viscous altar of Jiyva.
     3 | D        | Found a corrupted altar of Lugonu.
     3 | D        | Found a hazy altar of Hepliaklqana.
     3 | D        | Found a burning altar of Makhleb.
     3 | D        | Found an opulent altar of Gozag.
    80 | D        | Became a worshipper of Jiyva Jiedo the Shapeless
    80 | D        | Killed Grum
    80 | D        | Killed a crimson imp
    80 | D        | Killed Xtahua
    82 | D        | Killed Crazy Yiuf
    84 | D        | Reached skill level 5 in Fighting
    84 | D        | Reached skill level 7 in Polearms
    84 | D        | Reached XP level 2. HP: 27/27 MP: 4/6
    84 | D        | Killed Pargi
    84 | D        | Killed Menkaure
    86 | D        | Killed the Royal Jelly
    86 | D        | Killed a quicksilver ooze
    86 | D        | Killed Sonja
    87 | D        | Killed Erolcha
    87 | D        | Killed an acid blob
    87 | D        | Killed an acid blob
    87 | D        | Killed a quicksilver ooze
    88 | D        | Killed Donald
    89 | D        | Killed Agnes
    89 | D        | Killed a rockslime
    89 | D        | Killed a rockslime
    89 | D        | Killed an acid blob
    89 | D        | Killed an azure jelly
    90 | D        | Entered arena 2.
    90 | D        | Noticed a vault sentinel
    90 | D        | Noticed an ironbound preserver
    90 | D        | Killed an acid blob
    90 | D        | Found a transporter.
    92 | D        | Killed a quicksilver ooze
    92 | D        | Killed Kirke
    93 | D        | Killed a rockslime
    93 | D        | Killed a quicksilver ooze
    93 | D        | Killed a quicksilver ooze
    93 | D        | Killed a quicksilver ooze
    94 | D        | Slain by an ironbound preserver

Illustrated notes

Levels and vault maps discovered:
D:        sprint_v [room_start, room_1, room_2, room_3, room_4, room_5, room_6,
          room_7, room_8, room_9, room_10, room_11, room_12, room_13, room_14,
          room_15, room_16, room_17, room_18, room_19, room_20, room_21,
          room_22, room_23, room_24, room_25, room_26, room_27]

Skill      XL: |  1 |
---------------+----+-----
Fighting       | 5 |  5.2
Short Blades   | 2 |  2.4
Long Blades    | 2 |  2.4
Axes           | 2 |  2.4
Maces & Flails | 2 |  2.4
Polearms       | 7 |  7.0
Staves         | 2 |  2.4
Ranged Weapons | 2 |  2.4
Throwing       | 2 |  2.4
Armour         | 3 |  3.5
Dodging        | 2 |  2.4
Stealth        | 3 |  3.4
Shields        | 2 |  2.4
Unarmed Combat | 2 |  2.4
Spellcasting   | 3 |  3.7
Conjurations   | 2 |  2.0
Hexes          | 2 |  2.0
Summonings     | 2 |  2.0
Necromancy     | 2 |  2.0
Translocations | 2 |  2.0
Transmutations | 2 |  2.0
Fire Magic     | 2 |  2.0
Ice Magic      | 2 |  2.0
Air Magic      | 2 |  2.0
Earth Magic    | 2 |  2.0
Poison Magic   | 4 |  4.3
Invocations    | 2 |  2.6
Evocations     | 2 |  2.4
Shapeshifting  | 2 |  2.2

Action                     || total
---------------------------++-------
  Melee: Demon trident     ||     4
         Bite              ||     2
    Use: Potion            ||     1
 Armour: Plate armour      ||     2
  Dodge: Dodged            ||     1
  Block: Kite shield       ||     1

Table legend: (Time is in decaauts)
 A = Elapsed time spent in this place.
 B = Non-inter-level travel time spent in this place.
 C = Inter-level travel time spent in this place.
 D = Time resting spent in this place.
 E = Time spent auto-exploring this place.
 F = Levels seen in this place.
 G = Mean time per level.
                   A        B        C        D        E       F      G
               +--------+--------+--------+--------+--------+-----+--------+
         Total |     92 |     92 |      0 |      0 |      0 |   1 |   92.0 |
       Dungeon |     92 |     92 |      0 |      0 |      0 |   1 |   92.0 |
               +--------+--------+--------+--------+--------+-----+--------+

Top non-repeatable levels by time:
       D: 92 daAuts
